 Dungeon Crawl Stone Soup version 0.26-a0-651-gb41185065b (webtiles) character file.

Game seed: 14589134113506019305

1269 Irenicus the Geomancer (level 8, 0/62 HPs)
             Began as a Deep Dwarf Earth Elementalist on Oct 10, 2020.
             Was a Follower of Makhleb.
             Slain by an orc warrior
             ... wielding a +0 trident
              (8 damage)
             ... on level 6 of the Dungeon.
             The game lasted 00:19:03 (2745 turns).

Irenicus the Geomancer (DDEE)                       Turns: 2745, Time: 00:19:03

Health: 0/62       AC:  8    Str: 13    XL:     8   Next: 28%
Magic:  9/12       EV: 12    Int: 17    God:    Makhleb [*.....]
Gold:   258        SH:  0    Dex: 13    Spells: 7/13 levels left

rFire    . . .     SeeInvis .   g - +1 dagger
rCold    . . .     Faith    .   (no shield)
rNeg     . . .     Spirit   .   c - +0 robe
rPois    +         Reflect  .   (no helmet)
rElec    .         Harm     .   d - +2 cloak
rCorr    +         Rampage  .   i - +2 pair of gloves
MR       +....                  (no boots)
Stlth    ++........             (no amulet)
HPRegen  0.00/turn              o - ring of poison resistance {rPois, !d}
MPRegen  0.13/turn              r - ring of resist corrosion

@: non-regenerating
A: damage resistance, heal wounds, sense surroundings 1, no regeneration
a: Heal Wounds, Renounce Religion


You were on level 6 of the Dungeon.
You worshipped Makhleb.
Makhleb was aware of your devotion.
You visited 2 branches of the dungeon, and saw 7 of its levels.
You also visited: Sewer.

You collected 258 gold pieces.

Inventory:

Hand Weapons
 g - a +1 dagger (weapon)
   (You found it on level 1 of the Dungeon)
Missiles
 h - 64 stones (quivered)
Armour
 c - a +0 robe (worn)
 d - a +2 cloak (worn)
   (You found it on level 1 of the Dungeon)
 f - +0 ice dragon scales
   (You found it on level 1 of the Dungeon)
 i - a +2 pair of gloves (worn)
   (You found it on level 2 of the Dungeon)
Jewellery
 o - a ring of poison resistance (left hand) {rPois, !d}
   (You found it on level 3 of the Dungeon)
 r - a ring of resist corrosion (right hand)
   (You found it on level 5 of the Dungeon)
Wands
 p - a wand of acid (8)
   (You found it on level 3 of the Dungeon)
 u - a wand of flame (4)
   (You found it on level 4 of the Dungeon)
Scrolls
 a - 2 scrolls of blinking {unknown}
 e - a scroll of remove curse
 j - 4 scrolls of immolation {!r}
 l - 4 scrolls of enchant armour
 m - 2 scrolls of enchant weapon
 q - 4 scrolls of teleportation
 w - a scroll of identify
Potions
 b - a potion of cancellation
 n - 2 potions of flight
 s - 3 potions of curing
 t - a potion of stabbing
 v - a potion of ambrosia


   Skills:
 - Level 2.1 Dodging
 - Level 2.4 Stealth
 - Level 3.1 Spellcasting
 - Level 0.8 Transmutations
 + Level 12.6 Earth Magic


You had 7 spell levels left.
You knew the following spells:

 Your Spells              Type           Power        Failure   Level
a - Sandblast             Erth           #####.       1%          1
w - Passwall              Tmut/Erth      ####....     1%          2
x - Stone Arrow           Conj/Erth      ###...       3%          3

Your spell library contained the following spells:

 Spells                   Type           Power        Failure   Level
 Lee's Rapid Deconstruct  Erth           #####.....   2%          5
 Petrify                  Tmut/Erth      ####....     11%         4
 Magic Dart               Conj           #...         17%         1
 Searing Ray              Conj           #.....       26%         2
 Dazzling Flash           Conj/Hex       #.....       45%         3
 Fulminant Prism          Conj/Hex       #.........   86%         4
 Iskenderun's Mystic Bla  Conj/Tloc      #.......     86%         4


Dungeon Overview and Level Annotations

Branches:
Dungeon (6/15)             Temple (1/1) D:4           Sewer (visited)

Altars:
Gozag
Kikubaaqudgha
Makhleb
Qazlal
Wu Jian


Innate Abilities, Weirdness & Mutations

You are resistant to damage.
You can heal yourself by infusing magical energy.
You passively map a small area around you.
You do not regenerate.


Message History

You kill the orc!
Makhleb accepts your kill.
You feel better.
h - 70 stones You now have 3/12 mp.
Casting: Sandblast (safe; 1% risk of failure)
Confirm with . or Enter, or press ? or * to list all spells.
Aiming: Sandblast (safe; 1% risk of failure)
Press: ? - help, Shift-Dir - straight line, f - orc
Aim: an orc, wielding a +0 mace The blast of sand hits the orc!
You kill the orc!
Makhleb accepts your kill.
h - 69 stones You now have 2/12 mp.
Things that are here:
a cursed +0 flail; a +0 scale mail You see here a +0 mace.
A sky beast comes into view.
The sky beast flickers out of sight!
Deactivating autopickup; reactivate with Ctrl-A.
Casting: Sandblast (safe; 1% risk of failure)
Confirm with . or Enter, or press ? or * to list all spells.
Press: ? - help, Shift-Dir - straight line The blast of sand hits something!!
h - 68 stones Something hits you.
* * * LOW HITPOINT WARNING * * *
Something shocks you.
* * * LOW HITPOINT WARNING * * *
You take 4 damage, and have 8/62 hp.
You now have 3/12 mp.
Casting: Sandblast (safe; 1% risk of failure)
Confirm with . or Enter, or press ? or * to list all spells.
Press: ? - help, Shift-Dir - straight line The blast of sand hits something!
Makhleb accepts your kill.
Reactivating autopickup.
You feel a bit more experienced.
h - 67 stones You now have 2/12 mp.
Unknown command.
An adder comes into view.
You see here a scroll of noise {!r}.
Casting: Sandblast (safe; 1% risk of failure)
Confirm with . or Enter, or press ? or * to list all spells.
You can't see any susceptible monsters within range! (Use Z to cast anyway.) Unknown command.
An orc wizard comes into view. It is wielding a +0 dagger.
Casting: Sandblast (safe; 1% risk of failure)
Confirm with . or Enter, or press ? or * to list all spells.
You can't see any susceptible monsters within range! (Use Z to cast anyway.)
You see here 2 scrolls labeled UTAUFA VUJITID.
a - 2 scrolls labeled UTAUFA VUJITID
Casting: Sandblast (safe; 1% risk of failure)
Confirm with . or Enter, or press ? or * to list all spells.
Aiming: Sandblast (safe; 1% risk of failure)
Press: ? - help, Shift-Dir - straight line, f - adder
Aim: an adder The blast of sand hits the adder!!
You kill the adder!
Makhleb accepts your kill.
h - 66 stones You now have 3/12 mp.
Casting: Sandblast (safe; 1% risk of failure)
Confirm with . or Enter, or press ? or * to list all spells.
Okay, then.
You see here 17 arrows.
Found a stone staircase leading up.
You see here 17 arrows.
An orc warrior comes into view. It is wielding a +0 trident.
An orc priest comes into view. It is wielding a +0 short sword.
The orc wizard shouts!
An orc comes into view.
A howler monkey comes into view.
An orc wizard comes into view. It is wielding a +0 dagger.
Casting: Sandblast (safe; 1% risk of failure)
Confirm with . or Enter, or press ? or * to list all spells.
You don't know that spell.
You see here a leather armour.
b - a potion of cancellation
There are no items here.
The orc warrior hits you but does no damage.
Casting: Sandblast (safe; 1% risk of failure)
Confirm with . or Enter, or press ? or * to list all spells.
Aiming: Sandblast (safe; 1% risk of failure)
Press: ? - help, Shift-Dir - straight line, f - orc warrior
Aim: an orc warrior, wielding a +0 trident and wearing a +0 plate armour The blast of sand hits the orc warrior.
The orc warrior is moderately wounded.
h - 65 stones You now have 9/12 mp.
Casting: Sandblast (safe; 1% risk of failure)
Confirm with . or Enter, or press ? or * to list all spells.
Aiming: Sandblast (safe; 1% risk of failure)
Press: ? - help, Shift-Dir - straight line, f/p - orc warrior
Aim: an orc warrior, wielding a +0 trident and wearing a +0 plate armour (moderately wounded)
The blast of sand hits the orc warrior but does no damage.
The orc warrior is moderately wounded.
h - 64 stones The orc warrior hits you from afar with a +0 trident!
You die...

###########...# , ,
...........#..######h##
*
...............o.....o.
,
##.#######.#...###o#oo#
, .#.#######.#.....#o#
, ,
.#.......#.......#.#, ,
, .....#
,####..####.#,,
.)...##.#....oo..#.# *
, ,
........###.#..#@#.# ,*
* .....#### #.##.#...#
, .....# #. #.##### ,*
.....# ,*#.. ,* .......
##.* ........ .# **
#####... * .. , * ...
... , , ###* , , *


You could see an orc warrior and an orc wizard.

Vanquished Creatures
  A sky beast (D:6)
  2 ogres
  A centaur (D:5)
  A big kobold (Sewer)
  A bullfrog (D:6)
  3 scorpions
  4 orc priests
  Jessica (D:3)
  An iguana (D:5)
  2 orc wizards (D:4)
  4 worker ants
  A hound zombie (D:6)
  2 worker ant zombies
  A howler monkey skeleton (D:5)
  9 adders
  4 river rats
  A white imp (D:5)
  An ufetubus (D:6)
  3 oozes
  An adder zombie (D:2)
  An adder skeleton (D:4)
  A worm (D:5)
  A dart slug (D:2)
  A leopard gecko (D:3)
  14 orcs
  5 ball pythons
  A bat skeleton (D:2)
  3 bat zombies (D:2)
  2 giant cockroaches
  12 goblins
  5 hobgoblins
  4 jackals
  A quokka (D:2)
  9 bats
  7 frilled lizards
  A jackal zombie (D:2)
  11 kobolds
  A quokka skeleton (D:2)
  A quokka zombie (D:2)
  17 rats
142 creatures vanquished.

Vanquished Creatures (others)
  6 withered plants (D:2)
6 creatures vanquished.

Grand Total: 148 creatures vanquished

Notes
Turn   | Place    | Note
-------+----------+-------------------------------------------
     0 | D:1      | Irenicus the Deep Dwarf Earth Elementalist began the quest
                  | for the Orb.
     0 | D:1      | Reached XP level 1. HP: 15/15 MP: 3/3
   176 | D:1      | Reached XP level 2. HP: 19/22 MP: 0/4
   191 | D:1      | Reached skill level 5 in Earth Magic
   381 | D:1      | Learned a level 2 spell: Passwall
   537 | D:2      | Reached XP level 3. HP: 24/28 MP: 2/5
   660 | D:2      | Reached skill level 6 in Earth Magic
   736 | D:2      | Reached XP level 4. HP: 13/36 MP: 6/6
   768 | D:2      | Learned a level 3 spell: Stone Arrow
   816 | D:2      | Found an ornate altar of the Wu Jian Council.
   971 | D:3      | Reached skill level 7 in Earth Magic
  1080 | D:3      | Reached skill level 2 in Spellcasting
  1104 | D:3      | Noticed Jessica
  1105 | D:3      | HP: 7/36 [Jessica/nerve-wracking pain (12)]
  1110 | D:3      | Killed Jessica
  1110 | D:3      | Reached XP level 5. HP: 8/42 MP: 1/8
  1618 | D:4      | Noticed an ogre
  1625 | D:4      | Killed an ogre
  1625 | D:4      | Reached skill level 3 in Spellcasting
  1625 | D:4      | Reached skill level 8 in Earth Magic
  1625 | D:4      | Reached XP level 6. HP: 17/49 MP: 6/10
  1632 | D:4      | Found a staircase to the Ecumenical Temple.
  1644 | Temple   | Entered the Ecumenical Temple
  1669 | Temple   | Became a worshipper of Makhleb the Destroyer
  1819 | D:4      | HP: 8/49 [orc priest/divine providence (9)]
  1821 | D:4      | Reached skill level 9 in Earth Magic
  1936 | D:5      | Entered Level 5 of the Dungeon
  1947 | D:5      | HP: 3/49 [iguana (5)]
  1976 | D:4      | Reached XP level 7. HP: 17/55 MP: 0/11
  2035 | D:5      | Reached skill level 10 in Earth Magic
  2086 | D:5      | HP: 11/55 [scorpion (4)]
  2101 | D:5      | HP: 9/55 [scorpion (7)]
  2123 | D:5      | Reached * piety under Makhleb
  2366 | D:5      | Found a glowing drain.
  2374 | Sewer    | Entered a sewer
  2378 | Sewer    | HP: 7/55 [river rat (1)]
  2457 | Sewer    | Reached skill level 11 in Earth Magic
  2468 | Sewer    | Found a glowing silver altar of Zin.
  2574 | D:5      | HP: 9/55 [centaur/arrow (2)]
  2611 | D:6      | HP: 9/55 [bullfrog (1)]
  2612 | D:6      | Reached XP level 8. HP: 11/62 MP: 5/12
  2616 | D:6      | Reached skill level 12 in Earth Magic
  2671 | D:6      | HP: 10/62 [something (2)]
  2745 | D:6      | Slain by an orc warrior

Illustrated notes

Levels and vault maps discovered:
D:1:      dpeg_arrival_ratfight, layout_basic
D:2:      layout_rooms, serial_undead, serial_undead_e, serial_undead_e,
          serial_undead_b, serial_undead_a, serial_undead_b, serial_undead_e,
          serial_undead_b, serial_undead_e, serial_undead_c, serial_undead_d,
          lemuel_statue_altar
D:3:      minmay_bubble_buster, layout_basic, uniq_jessica
D:4:      layout_rooms, minmay_temple_entry_proselytizer
D:5:      layout_cave_pools, portal_sewer_entry_e
D:6:      layout_basic
Temple:   hc_temple_tempest_star

Skill      XL: |  1  2  3  4  5  6  7  8 |
---------------+-------------------------+-----
Earth Magic    | 5 6 7 8 9 11 12 | 12.6
Spellcasting   | 2 3 |  3.1
Dodging        | |  2.1
Stealth        | |  2.4
Transmutations | |  0.8

Action                   |  1- 3 |  4- 6 |  7- 9 || total
-------------------------+-------+-------+-------++-------
Melee: Unarmed           |     9 |       |       ||     9
       Club              |    72 |       |       ||    72
       Dagger            |       |    61 |    12 ||    73
 Cast: Sandblast         |    30 |    79 |    67 ||   176
       Passwall          |     1 |     5 |       ||     6
       Stone Arrow       |       |     6 |       ||     6
 Abil: Heal Wounds       |       |     1 |       ||     1
Evoke: Wand              |       |       |     9 ||     9
  Use: Scroll            |     1 |     3 |     4 ||     8
       Potion            |       |     8 |     2 ||    10
 Stab: Sleeping          |       |     4 |       ||     4
Armor: Robe              |    51 |    55 |    10 ||   116
Dodge: Dodged            |   112 |    95 |    18 ||   225

Table legend: (Time is in decaauts)
 A = Elapsed time spent in this place.
 B = Non-inter-level travel time spent in this place.
 C = Inter-level travel time spent in this place.
 D = Time resting spent in this place.
 E = Time spent auto-exploring this place.
 F = Levels seen in this place.
 G = Mean time per level.
                   A        B        C        D        E       F      G
               +--------+--------+--------+--------+--------+-----+--------+
         Total |   2784 |   2670 |    114 |      0 |      0 |   8 |  348.0 |
       Dungeon |   2571 |   2471 |    100 |      0 |      0 |   6 |  428.5 |
        Temple |     43 |     29 |     14 |      0 |      0 |   1 |   43.0 |
         Sewer |    169 |    169 |      0 |      0 |      0 |   1 |  169.0 |
               +--------+--------+--------+--------+--------+-----+--------+

Top non-repeatable levels by time:
     D:3: 649 daAuts
     D:1: 537 daAuts
     D:5: 467 daAuts
     D:2: 422 daAuts
     D:4: 335 daAuts
   Sewer: 169 daAuts
     D:6: 158 daAuts
  Temple: 43 daAuts

Table legend:
 A = Kills in this place as a percentage of kills in entire the game.
 B = Kills by you in this place as a percentage of kills by you in the entire game.
 C = Kills by friends in this place as a percentage of kills by friends in the entire game.
 D = Other kills in this place as a percentage of other kills in the entire game.
 E = Experience gained in this place as a percentage of experience gained in the entire game.
 F = Experience gained in this place divided by the number of levels of this place that you have seen.
                   A       B       C       D       E      F
               +-------+-------+-------+-------+-------+----------------------
         Total | 100.0 | 100.0 |   N/A |   N/A | 100.0 | 226.8
       Dungeon |  93.7 |  93.7 |   N/A |   N/A |  91.6 | 277.0
         Sewer |   6.3 |   6.3 |   N/A |   N/A |   8.4 | 152.0
               +-------+-------+-------+-------+-------+----------------------
